[Event "World Junior U20 Girls 2018"]
[Site "Gebze"]
[Date "2018.09.07"]
[Round "3"]
[White "Kanakova, Natalie"]
[Black "Antova, Gabriela"]
[Result "1/2-1/2"]
[ECO "B51"]
[WhiteElo "2201"]
[BlackElo "2292"]
[Annotator "NA"]
[PlyCount "68"]
[EventDate "2018.09.05"]
[EventType "swiss"]
[EventCountry "TUR"]
[SourceTitle "playchess.com"]
[Source "ChessBase"]
[SourceQuality "1"]
[TimeControl "40/5400+30:1800+30"]

1. e4 c5 2. Nf3 d6 3. Bb5+ Nd7 4. c4 Ngf6 {[%emt 0:01:30] LiveBook: 70 Games} 5. Nc3 g6 6. O-O {[%emt 0:01:30] B51: Sizilianisch (Rossolimo-Variante)} Bg7 7. d4 (7. Ba4 O-O 8. h3 Nb6 9. Bb3 e5 10. d3 Ne8 11. Bg5 f6 12. Be3 f5 13. Bg5 Bf6 {0-1 (43) Safarli,E (2664)-Giri,A (2790) Shamkir 2016 CBM 173 [Mekhitarian,K]}) 7... cxd4 8. Nxd4 O-O 9. Bxd7 Bxd7 10. Qd3 Ng4 $146 ({Vorgänger:} 10... Rc8 11. b3 Qa5 12. Bb2 Rfe8 13. Nce2 Qc5 {0-1 (59) Gehlhaar,C (2095)-Werner,D (2167) Berlin 2005}) 11. Nf3 Rc8 12. Bd2 Re8 13. Rac1 a6 14. h3 Ne5 15. Nxe5 Bxe5 16. f4 Bg7 17. b3 b5 18. f5 bxc4 19. bxc4 Bc6 20. Nd5 Bxd5 21. cxd5 Qb6+ 22. Kh1 Qb5 23. Qf3 Rxc1 24. Bxc1 $11 Kh8 25. Bg5 Qb2 26. a4 Qe5 27. a5 gxf5 28. exf5 Rc8 29. Rb1 h6 30. Bd2 Rc5 31. Qh5 Qf6 32. Qf3 Qe5 33. Qh5 Qf6 34. Qf3 Qe5 1/2-1/2

[Event "World Junior U20 Girls 2018"]
[Site "Gebze"]
[Date "2018.09.07"]
[Round "3"]
[White "Chu, Ruotong"]
[Black "Zhu, Jiner"]
[Result "1-0"]
[ECO "E04"]
[WhiteElo "2199"]
[BlackElo "2364"]
[Annotator "NA"]
[PlyCount "115"]
[EventDate "2018.09.05"]
[EventType "swiss"]
[EventCountry "TUR"]
[SourceTitle "playchess.com"]
[Source "ChessBase"]
[SourceQuality "1"]
[TimeControl "40/5400+30:1800+30"]

1. d4 Nf6 2. c4 e6 3. g3 d5 4. Bg2 dxc4 5. Nf3 Nc6 6. Qa4 Nd7 {[%emt 0:00:30] E04: Open Catalan: 5 Nf3} (6... Bb4+ 7. Bd2 Nd5 8. Bxb4 Ndxb4 9. O-O Rb8 10. Na3 O-O 11. Qb5 b6 12. Qxc4 Ba6 13. Nb5 Qe8 14. Rfc1 Nd5 15. Qxc6 Qxc6 16. Rxc6 Bxb5 17. Rc2 Rfc8 {½-½ (33) So,W (2780)-Caruana,F (2822) Saint Louis 2018}) 7. Qxc4 {[%emt 0:03:30] LiveBook: 177 Games} Nb6 8. Qb5 a6 9. Qd3 e5 10. e3 $146 ({Predecessor:} 10. Nxe5 Nb4 11. Qc3 Qxd4 12. Qxd4 Nc2+ 13. Kd1 Nxd4 14. Be3 {½-½ (90) Fridman,D (2637)-Nabaty,T (2690) Batumi 2018}) 10... Nb4 11. Qe2 Bg4 12. h3 exd4 13. exd4+ Be6 14. Ng5 Qxd4 15. Nxe6 Nd3+ 16. Kf1 fxe6 17. Qxe6+ Be7 18. Be3 Qc4 19. Qxc4 Nxc4 20. Bxb7 Nxe3+ 21. fxe3 O-O+ 22. Ke2 Rad8 23. Rf1 Rxf1 24. Kxf1 Nxb2 25. Nc3 Bf6 26. Ne4 Be5 27. Rc1 Rb8 28. Bxa6 Rb4 29. Nc5 Bxg3 30. Ke2 h5 31. Bb7 Kh7 32. a3 Rb6 33. a4 Rf6 34. Ne4 Rb6 35. Nc5 Rf6 36. Ne4 Rb6 37. Nxg3 Rxb7 38. Rb1 Rb6 39. a5 Rg6 40. Nxh5 Nc4 $14 41. Rc1 Nxa5 42. Rxc7 Nb3 43. Kd3 Rg5 44. Nf4 Nc5+ 45. Kd4 Nb3+ 46. Kd3 Nc5+ 47. Ke2 Re5 48. Kf3 Ne4 49. Rc6 Nd2+ 50. Ke2 Ne4 51. Rc2 g5 52. Rc7+ Kh6 53. Rc6+ Kg7 54. Ne6+ Kg6 55. Kf3 Nf6 56. Nf8+ Kg7 57. Rxf6 Rd5 58. Ke4 1-0

[Event "World Junior U20 Girls 2018"]
[Site "Gebze"]
[Date "2018.09.07"]
[Round "3"]
[White "Georgescu, Lena"]
[Black "Tsolakidou, Stavroula"]
[Result "0-1"]
[ECO "B49"]
[WhiteElo "2195"]
[BlackElo "2393"]
[Annotator "NA"]
[PlyCount "78"]
[EventDate "2018.09.05"]
[EventType "swiss"]
[EventCountry "TUR"]
[SourceTitle "playchess.com"]
[Source "ChessBase"]
[SourceQuality "1"]
[TimeControl "40/5400+30:1800+30"]

1. e4 c5 2. Nf3 e6 3. d4 cxd4 4. Nxd4 Nc6 5. Nc3 Qc7 6. Be3 a6 7. a3 b5 8. Nxc6 {[%emt 0:00:30] LiveBook: 53 Games} Qxc6 9. Be2 Bb7 {[%emt 0:01:30] B49: Sicilian: Taimanov: 5 Nc3 Qc7 6 Be3 a6 7 Be2} 10. O-O Rc8 11. Qd2 (11. Bd4 Qc7 12. Qd3 Nf6 13. f4 Be7 14. Bf3 O-O 15. e5 Ne8 16. f5 Bxf3 17. Rxf3 Qc4 18. Qd2 f6 19. exf6 Nxf6 20. Kh1 a5 21. Bxf6 Bxf6 22. Qxd7 exf5 23. Rxf5 Bxc3 {½-½ (23) Kobalia,M (2599)-Najer,E (2683) Batumi 2018}) 11... Qc7 {[%emt 0:21:30] [#]} 12. Rfd1 $1 Nf6 13. Bf4 e5 14. Bg5 Nxe4 15. Nxe4 Bxe4 16. c4 Qb7 17. cxb5 $146 ({Predecessor:} 17. Rac1) 17... axb5 18. a4 Rc2 19. Qa5 f6 20. Bxb5 Bc5 21. Bh4 Bd4 22. Rac1 O-O 23. Rxc2 Bxc2 24. Rc1 Bf5 25. b3 Be6 26. Qc7 Qe4 27. Bg3 h5 28. h4 g5 29. hxg5 h4 30. Bxd7 Bxd7 31. Qxd7 hxg3 32. Qe6+ Kh8 33. Qh3+ Qh7 34. Qxg3 fxg5 35. Rf1 Qh5 36. Qd3 Kg7 37. Qc4 Qh4 38. Qc7+ Rf7 39. Qc2 g4 0-1

[Event "World Junior U20 Girls 2018"]
[Site "Gebze"]
[Date "2018.09.07"]
[Round "3"]
[White "Varshini, V."]
[Black "Kocyigit, Buse Naz"]
[Result "1-0"]
[ECO "B01"]
[WhiteElo "2173"]
[BlackElo "1944"]
[Annotator "NA"]
[PlyCount "85"]
[EventDate "2018.09.05"]
[EventType "swiss"]
[EventCountry "TUR"]
[SourceTitle "playchess.com"]
[Source "ChessBase"]
[SourceQuality "1"]
[TimeControl "40/5400+30:1800+30"]

1. e4 d5 2. exd5 Qxd5 3. Nc3 Qd8 4. d4 Nf6 5. Nf3 Bg4 6. Be2 e6 7. h3 Bxf3 8. Bxf3 c6 9. Bf4 Bd6 $11 10. Qd2 O-O 11. O-O Bxf4 12. Qxf4 Nbd7 13. Rad1 Qa5 14. Rfe1 Rac8 15. a3 Nd5 16. Nxd5 cxd5 17. c3 b5 18. Be2 Qb6 19. Bd3 a5 20. Qh4 g6 21. Qf4 b4 22. cxb4 axb4 23. a4 Nb8 24. h4 Nc6 25. Bb1 Na5 26. h5 Qc7 27. Qh6 Qe7 28. Re3 Qf6 29. Rg3 Qg7 30. Qf4 Rfd8 31. b3 Rc6 32. Qd2 Qf8 33. hxg6 hxg6 34. Bxg6 fxg6 35. Rxg6+ Kf7 36. Qg5 e5 37. Qf5+ Ke8 38. Qxe5+ Kd7 39. Qxd5+ Rd6 40. Rxd6+ Qxd6 41. Qxa5 Rh8 42. Qa7+ Ke6 43. d5+ 1-0

[Event "World Junior U20 Girls 2018"]
[Site "Gebze"]
[Date "2018.09.07"]
[Round "3"]
[White "Song, Yuxin"]
[Black "Dordzhieva, Dinara"]
[Result "1/2-1/2"]
[ECO "B44"]
[WhiteElo "2156"]
[BlackElo "2318"]
[Annotator "NA"]
[PlyCount "38"]
[EventDate "2018.09.05"]
[EventType "swiss"]
[EventCountry "TUR"]
[SourceTitle "playchess.com"]
[Source "ChessBase"]
[SourceQuality "1"]
[TimeControl "40/5400+30:1800+30"]

1. e4 c5 2. Nf3 e6 3. d4 cxd4 4. Nxd4 Nf6 5. Bd3 Nc6 6. Nxc6 bxc6 7. c4 d5 8. cxd5 {[%emt 0:06:30] LiveBook: 8 Games} cxd5 9. Nc3 {[%emt 0:01:30] B44: Sizilianisch (Paulsen/Taimanow-Variante)} dxe4 10. Nxe4 Bb4+ 11. Nc3 O-O 12. O-O Bb7 13. Qb3 ({Vorgänger:} 13. Qe2 Bxc3 14. bxc3 Qd5 15. f3 Rfd8 16. Bc4 Qc6 {½-½ (28) Aldama Degurnay,D (2141)-Vera Gonzalez Quevedo,R (2495) Matanzas 1992}) 13... Qb6 14. Be2 Nd5 15. Nxd5 Bxd5 16. Bc4 Bb7 17. Be2 Bd5 18. Bc4 $11 Bb7 19. Be2 Bd5 1/2-1/2

[Event "World Junior U20 Girls 2018"]
[Site "Gebze"]
[Date "2018.09.07"]
[Round "3"]
[White "Ivana Maria, Furtado"]
[Black "Sieber, Fiona"]
[Result "1-0"]
[ECO "A22"]
[WhiteElo "2144"]
[BlackElo "2277"]
[Annotator "NA"]
[PlyCount "121"]
[EventDate "2018.09.05"]
[EventType "swiss"]
[EventCountry "TUR"]
[SourceTitle "playchess.com"]
[Source "ChessBase"]
[SourceQuality "1"]
[TimeControl "40/5400+30:1800+30"]

1. c4 Nf6 2. Nc3 e5 3. g3 Bb4 4. Bg2 O-O 5. Qb3 Bc5 {[%emt 0:03:30] A22: English Opening: 1...e5 2 Nc3 Nf6} (5... Bxc3 6. Qxc3 Re8 7. d3 Nc6 8. Nf3 e4 9. Nd4 Nxd4 10. Qxd4 exd3 11. e3 d5 12. cxd5 c6 13. O-O Nxd5 {½-½ (24) Timofeev,A (2681)-Zhou,J (2623) Sochi 2009}) 6. e3 Nc6 7. Nge2 a6 $146 ({Predecessor:} 7... Nb4 8. Na4 Be7 9. a3 Nc6 10. d4 exd4 11. exd4 d6 12. O-O Na5 13. Qc2 {1-0 (50) Gomes Filho,J (1946)-Pacifico,J (1800) Teresina 2002}) 8. O-O Re8 9. d3 d6 10. a3 Ba7 11. h3 Rb8 12. Qc2 Ne7 13. d4 exd4 14. exd4 h6 15. b4 b5 16. c5 Bb7 17. a4 Bxg2 18. Kxg2 Nc6 19. axb5 Nxb4 20. Qf5 dxc5 21. dxc5 Qd7 22. Qf3 Bxc5 23. bxa6 Qe6 24. Nf4 Qb6 25. Bb2 Nc2 26. Na4 Qd6 27. Rad1 Bd4 28. Bxd4 Nxd4 29. Qc3 Rb4 30. Nc5 Nd5 31. Rxd4 Rxd4 32. Qxd4 Nxf4+ 33. Qxf4 Qxc5 34. Rc1 Qd5+ 35. Qf3 Qxf3+ 36. Kxf3 Ra8 37. Ra1 Ra7 38. Ke4 Kf8 39. Kd5 Ke7 40. Kc6 h5 41. Ra4 g6 42. g4 hxg4 43. hxg4 Kd8 44. g5 Ke7 45. f4 Kd8 46. Kd5 Kd7 47. Ra3 Ke7 48. Ke5 c6 49. Kd4 Kd6 50. Kc4 Kc7 51. Kc5 Kb8 52. Kb6 Re7 53. Rd3 Re8 $18 54. a7+ Ka8 55. Rd7 Rf8 56. Kxc6 f6 57. f5 gxf5 58. g6 Rg8 59. g7 f4 60. Rf7 f3 61. Kb6 1-0

[Event "World Junior U20 Girls 2018"]
[Site "Gebze"]
[Date "2018.09.07"]
[Round "3"]
[White "Urh, Zala"]
[Black "Maltsevskaya, Aleksandra"]
[Result "0-1"]
[ECO "A57"]
[WhiteElo "2128"]
[BlackElo "2234"]
[Annotator "NA"]
[PlyCount "62"]
[EventDate "2018.09.05"]
[EventType "swiss"]
[EventCountry "TUR"]
[SourceTitle "playchess.com"]
[Source "ChessBase"]
[SourceQuality "1"]
[TimeControl "40/5400+30:1800+30"]

1. d4 Nf6 2. c4 c5 3. d5 b5 4. cxb5 a6 5. f3 g6 6. e4 Bg7 7. e5 {[%emt 0:02:30] A57: Wolga/Benkö-Gambit} (7. Nc3 O-O 8. bxa6 e6 9. Bc4 exd5 10. Nxd5 Nc6 11. Ne2 Ne5 12. Nxf6+ Qxf6 13. Bd5 Bxa6 14. O-O Rab8 {0-1 (28) Vocaturo,D (2579)-Ivanisevic,I (2638) Dubai 2015}) 7... Ng8 8. f4 Nh6 9. Nf3 O-O 10. Bc4 axb5 11. Bxb5 Qb6 12. Nc3 d6 13. O-O $146 ({Vorgänger:} 13. Qe2 Nf5 14. O-O Ba6 15. Bxa6 Nxa6 {0-1 (39) Delalande,T (2071)-Kostiuk,T (2322) Avoine 2013}) 13... Nd7 14. Qe2 Nf5 15. Kh1 Nd4 16. Nxd4 cxd4 17. Na4 Qb8 18. e6 Nf6 19. exf7+ Rxf7 20. Qc4 e6 21. Bd2 $19 exd5 22. Qe2 Bg4 23. Qd3 Bf5 24. Qe2 d3 25. Bxd3 Rxa4 26. b3 Ra8 27. Bxf5 gxf5 28. Bc3 Ne4 29. Bxg7 Rxg7 30. Qd3 Kh8 31. Qxd5 Qa7 0-1

[Event "World Junior U20 Girls 2018"]
[Site "Gebze"]
[Date "2018.09.07"]
[Round "3"]
[White "Santeramo, Alessia"]
[Black "Hereklioglu, Sude"]
[Result "1/2-1/2"]
[ECO "B48"]
[WhiteElo "2124"]
[BlackElo "1930"]
[Annotator "NA"]
[PlyCount "109"]
[EventDate "2018.09.05"]
[EventType "swiss"]
[EventCountry "TUR"]
[SourceTitle "playchess.com"]
[Source "ChessBase"]
[SourceQuality "1"]
[TimeControl "40/5400+30:1800+30"]

1. e4 c5 2. Nf3 e6 3. d4 cxd4 4. Nxd4 Nc6 5. Nc3 Qc7 6. Be3 a6 7. Qf3 {[%emt 0:00:30] B48: Sizilianisch (Paulsen-Variante)} Nf6 8. O-O-O d6 (8... Ne5 9. Qg3 b5 10. a3 Bb7 11. Bxb5 Rc8 12. Ba4 Nxe4 13. Nxe4 Bxe4 14. Bf4 Qc4 15. Bxe5 Qxa4 {1-0 (38) Vachier Lagrave,M (2789)-Anand,V (2776) Karlsruhe/Baden-Baden 2018}) 9. Qg3 Nxd4 10. Bxd4 e5 11. Be3 Be6 12. Bg5 Nd7 $146 ({Vorgänger:} 12... Be7 13. Bxf6 Bxf6 14. Nd5 Qc6 {½-½ (36) Nekhaev,A (2520)-Pessoa,F (2520) ICCF email 2016}) 13. Nd5 Bxd5 14. Rxd5 Rc8 15. c3 h6 16. Qh4 Rg8 17. Be3 Be7 18. Qh3 Nf6 19. Rd3 Nxe4 20. f4 exf4 21. Qf5 $15 fxe3 22. Qxe4 Kf8 23. Be2 Qc6 24. Qg4 g6 25. Rf1 Kg7 26. Qd4+ f6 27. Rxe3 Bd8 28. Bf3 Qc5 29. Qxc5 Rxc5 30. Bxb7 f5 31. Re6 Bc7 32. Rfe1 a5 33. Re7+ Kf6 34. h4 f4 35. Rh7 Rg7 36. Rxh6 d5 37. h5 f3 38. Rxg6+ Rxg6 39. hxg6 f2 40. Rd1 Kxg6 41. Ba6 Be5 42. Kd2 d4 43. cxd4 Bxd4 44. Rf1 Rd5 45. b3 Bc5+ 46. Ke2 Kg5 47. Kf3 Re5 48. g3 Re3+ 49. Kg2 Rc3 50. Bc4 a4 51. Rd1 Be3 52. Rd3 Rxd3 53. Bxd3 axb3 54. axb3 Bc5 55. Be2 1/2-1/2

[Event "World Junior U20 Girls 2018"]
[Site "Gebze"]
[Date "2018.09.07"]
[Round "3"]
[White "Li, Xinyu"]
[Black "Mahalakshmi, M."]
[Result "1/2-1/2"]
[ECO "E16"]
[WhiteElo "2086"]
[BlackElo "2213"]
[Annotator "NA"]
[PlyCount "105"]
[EventDate "2018.09.05"]
[EventType "swiss"]
[EventCountry "TUR"]
[SourceTitle "playchess.com"]
[Source "ChessBase"]
[SourceQuality "1"]
[TimeControl "40/5400+30:1800+30"]

1. d4 Nf6 2. c4 e6 3. Nf3 b6 4. g3 Bb7 5. Bg2 Bb4+ 6. Bd2 a5 7. O-O {[%emt 0:00:00] LiveBook: 747 Games} O-O 8. Bf4 Be7 9. Nc3 Ne4 10. Qc2 Nxc3 11. Qxc3 d6 {[%emt 0:00:00] E16: Damenindisch (Hauptfortsetzung mit Lb4)} (11... Be4 12. Rfd1 f5 13. d5 Bf6 14. Be5 Qe8 15. Bxf6 Rxf6 16. Bf1 Na6 17. Ne1 f4 18. Nf3 Bxf3 19. exf3 {0-1 (33) Almasi,Z (2682)-Fedorchuk,S (2648) Riadh 2017}) 12. Rfd1 Nd7 13. Qc2 Ra7 $146 ({Vorgänger:} 13... Nf6 14. d5 e5 15. Bd2 Nd7 16. e4 Nc5 17. Ne1 Bc8 18. Nd3 Bg5 19. f4 exf4 20. gxf4 {½-½ (34) Soudny,J (2564)-Noble,M (2497) ICCF email 2007}) 14. Ne1 Bxg2 15. Nxg2 Bf6 16. Be3 Qe7 17. Rac1 Rb8 18. b3 c6 19. Rd2 g6 20. h3 Bg7 21. Qd3 Re8 $11 22. Rcd1 Raa8 23. Rc2 Rec8 24. Qd2 Qf8 25. Kh2 d5 26. cxd5 cxd5 27. Rdc1 Nf6 28. Ne1 Ne4 29. Qd3 Qe8 30. Nf3 Rxc2 31. Qxc2 b5 32. Nd2 Nxd2 33. Qxd2 a4 34. Bf4 h5 35. Bd6 Qd8 36. Bf4 axb3 37. axb3 Qf6 38. e3 h4 39. Kg2 hxg3 40. Bxg3 Qf5 41. Qc2 b4 42. Qxf5 gxf5 43. Rc7 Ra3 44. Rc8+ Kh7 45. Rb8 Rxb3 46. Bd6 Kg6 47. Rxb4 Rxb4 48. Bxb4 f4 49. Kf3 fxe3 50. fxe3 Kf5 51. Bd6 Bf6 52. Bg3 Kg5 53. Bf2 1/2-1/2

[Event "World Junior U20 Girls 2018"]
[Site "Gebze"]
[Date "2018.09.07"]
[Round "3"]
[White "Dwilewicz, Katarzyna"]
[Black "Sliwicka, Alicja"]
[Result "0-1"]
[ECO "B31"]
[WhiteElo "2081"]
[BlackElo "2272"]
[Annotator "NA"]
[PlyCount "82"]
[EventDate "2018.09.05"]
[EventType "swiss"]
[EventCountry "TUR"]
[SourceTitle "playchess.com"]
[Source "ChessBase"]
[SourceQuality "1"]
[TimeControl "40/5400+30:1800+30"]

1. e4 c5 2. Nf3 Nc6 3. Bb5 g6 4. O-O Bg7 5. c3 Nf6 6. Re1 O-O 7. d4 Qb6 8. Bf1 cxd4 9. cxd4 d5 10. e5 $1 Ne4 11. Nc3 Nxc3 12. bxc3 Na5 13. Ba3 Qc7 14. Rb1 Re8 15. Rb5 b6 16. Rxd5 Qxc3 $11 17. Re3 Qc6 18. Rb5 Nc4 19. Bxc4 Qxc4 20. Rbb3 Be6 21. Ng5 Bd5 22. Rbc3 Qa6 23. Rc7 Bf8 24. Rec3 Rac8 25. Bb4 Rxc7 26. Rxc7 Rc8 27. Rxc8 Qxc8 28. h3 a5 29. Ba3 Qc4 30. e6 f6 31. Nf3 Bxe6 32. Qb1 b5 33. Bc5 b4 34. Qe4 Qxa2 35. g4 Bd5 36. Qf4 Qb3 37. Kg2 a4 38. g5 fxg5 39. Qg4 a3 40. Bxb4 Qxb4 41. Qd7 Qb7 0-1

[Event "World Junior U20 Girls 2018"]
[Site "Gebze"]
[Date "2018.09.07"]
[Round "3"]
[White "Sankova, Stella"]
[Black "Aksoy, Ayca"]
[Result "1-0"]
[ECO "C00"]
[WhiteElo "2081"]
[BlackElo "1898"]
[Annotator "NA"]
[PlyCount "103"]
[EventDate "2018.09.05"]
[EventType "swiss"]
[EventCountry "TUR"]
[SourceTitle "playchess.com"]
[Source "ChessBase"]
[SourceQuality "1"]
[TimeControl "40/5400+30:1800+30"]

1. e4 c5 2. Nf3 e6 3. g3 Nc6 4. Bg2 Be7 5. O-O Nf6 6. Qe2 d6 7. c3 O-O 8. d4 e5 9. d5 Nb8 10. Ne1 Na6 11. h3 Nc7 $16 12. a4 Rb8 13. f4 Nd7 14. Na3 b6 15. Nf3 exf4 16. Bxf4 a6 17. b4 b5 18. a5 Bb7 19. g4 Rc8 20. Nc2 Re8 21. Qd3 Bf8 22. Rae1 Be7 23. Ne3 g6 24. g5 cxb4 25. cxb4 f6 26. h4 Ne5 27. Bxe5 fxe5 28. Bh3 Rb8 29. Ng4 Rf8 30. Nfh2 Bc8 31. Rxf8+ Bxf8 32. Nf6+ Kh8 33. Rf1 Bg7 34. Bxc8 Rxc8 35. h5 gxh5 36. Qg3 Qe7 37. Nxh5 Rf8 38. Qg4 Ne8 39. Ng3 Qa7+ 40. Kg2 Qe3 41. Rxf8+ Bxf8 42. Qc8 Qd2+ 43. Kh3 Qxg5 44. Qxe8 Qh6+ 45. Qh5 Qe3 46. Qf3 Qh6+ 47. Nh5 Be7 48. Qg4 Qe3+ 49. Nf3 Bf8 50. Qf5 Qh6 51. Qf6+ Qxf6 52. Nxf6 1-0

[Event "World Junior U20 Girls 2018"]
[Site "Gebze"]
[Date "2018.09.07"]
[Round "3"]
[White "Nurgali, Nazerke"]
[Black "Diakonova, Ekaterina"]
[Result "1-0"]
[ECO "A50"]
[WhiteElo "2080"]
[BlackElo "2243"]
[Annotator "NA"]
[PlyCount "133"]
[EventDate "2018.09.05"]
[EventType "swiss"]
[EventCountry "TUR"]
[SourceTitle "playchess.com"]
[Source "ChessBase"]
[SourceQuality "1"]
[TimeControl "40/5400+30:1800+30"]

1. d4 Nf6 2. c4 b6 3. f3 e6 4. e4 {[%emt 0:01:00] A50: Queen's Fianchetto Defence (1 d4 Nf6 2 c4 b6)} Bb4+ (4... Bb7 5. Nc3 d5 6. cxd5 exd5 7. e5 Nfd7 8. f4 c5 9. Nf3 Be7 10. Be3 O-O 11. Be2 Nc6 12. Nxd5 cxd4 13. Bxd4 Nxd4 14. Nxe7+ Qxe7 15. Qxd4 {½-½ (49) Wojtaszek,R (2736)-Delgado Ramirez,N (2618) Baku 2016}) 5. Bd2 Bxd2+ 6. Qxd2 O-O 7. Nc3 Bb7 8. Bd3 $146 ({Predecessor:} 8. O-O-O d6 9. g4 Nc6 10. Nge2 Na5 11. Ng3 {1-0 (36) Rowson,J (2565)-Sowray,P (2348) London 2016}) 8... d5 9. cxd5 exd5 10. e5 Nfd7 11. Nge2 c5 12. f4 a6 13. O-O Nc6 14. Bc2 Rc8 15. Rad1 Nxd4 16. Nxd4 cxd4 17. Qxd4 Rc4 18. Qd3 g6 19. Bb3 Nc5 20. Qd2 Nxb3 21. axb3 Rc8 22. f5 Qc7 23. f6 Qc5+ 24. Kh1 Rfe8 25. Qh6 Qf8 26. Qg5 Rcd8 27. Rd4 h6 28. Qf4 Kh7 29. Rf3 Re6 30. Re3 Qg8 31. Qg3 g5 32. h4 gxh4 33. Qh3 Bc8 34. Rg4 Ree8 35. Rxg8 Rxg8 36. Qxh4 d4 37. Qe4+ Kh8 38. Rd3 dxc3 39. Rxd8 Rxd8 40. bxc3 Rg8 41. Qe3 Kh7 42. Qxb6 Rg3 43. c4 Be6 44. Kh2 Rd3 45. Qb7 Re3 46. Qb8 Kg6 47. Qb6 Rc3 48. Qf2 Rd3 49. Qe2 Rd4 50. Qe3 Rd8 51. Qe4+ Bf5 52. Qf4 h5 53. Kg3 Rd1 54. c5 Re1 55. Qd4 Rc1 56. b4 Be6 57. Qd3+ Bf5 58. Qxa6 Kg5 59. Qa3 h4+ 60. Kh2 $18 Re1 61. Qc3 Re2 62. Qc4 Rc2 63. Qxf7 h3 64. Qg7+ Kf4 65. Qg3+ Ke4 66. f7 Rxg2+ 67. Qxg2+ 1-0

[Event "World Junior U20 Girls 2018"]
[Site "Gebze"]
[Date "2018.09.07"]
[Round "3"]
[White "Bai, Xue"]
[Black "Zairbek kyzy, Begimay"]
[Result "1-0"]
[ECO "B11"]
[WhiteElo "2073"]
[BlackElo "1770"]
[Annotator "NA"]
[PlyCount "99"]
[EventDate "2018.09.05"]
[EventType "swiss"]
[EventCountry "TUR"]
[SourceTitle "playchess.com"]
[Source "ChessBase"]
[SourceQuality "1"]
[TimeControl "40/5400+30:1800+30"]

1. e4 c6 2. Nc3 d5 3. Nf3 Bg4 4. h3 Bh5 5. exd5 cxd5 6. g4 Bg6 7. d4 Nc6 8. Ne5 a6 $14 ({Better is} 8... e6 $11) 9. Nxc6 bxc6 10. Bf4 e6 11. Na4 Be7 12. Be2 Nf6 13. Be5 Qa5+ 14. c3 Kf8 15. b4 Qd8 16. Nc5 Bxc5 17. dxc5 Ne4 18. O-O h5 19. Qd4 Rh7 20. Kg2 Qg5 21. Rh1 Qd8 22. f3 Nf6 23. c4 Nd7 24. cxd5 Nxe5 25. Qxe5 Qxd5 26. Qxd5 exd5 27. Rhe1 Bc2 28. a4 hxg4 29. hxg4 Rh6 30. b5 axb5 31. axb5 Rxa1 32. Rxa1 cxb5 33. Rc1 Bb3 34. Bxb5 Bc4 35. Bxc4 dxc4 36. Rxc4 Rc6 37. f4 Ke7 38. Kf3 Kd7 39. Ke4 Rg6 40. Kd5 Rxg4 41. c6+ Kc7 42. Ra4 g5 43. Ra7+ Kb8 44. c7+ Kxa7 45. c8=Q Rxf4 46. Kc5 f6 47. Kb5 Rf1 48. Qc2 Rf4 49. Kc6 Rh4 50. Qc5+ 1-0

[Event "World Junior U20 Girls 2018"]
[Site "Gebze"]
[Date "2018.09.07"]
[Round "3"]
[White "Li, Yunshan"]
[Black "Gur, Tuba"]
[Result "1-0"]
[ECO "E08"]
[WhiteElo "2060"]
[BlackElo "1724"]
[Annotator "NA"]
[PlyCount "53"]
[EventDate "2018.09.05"]
[EventType "swiss"]
[EventCountry "TUR"]
[SourceTitle "playchess.com"]
[Source "ChessBase"]
[SourceQuality "1"]
[TimeControl "40/5400+30:1800+30"]

1. d4 d5 2. c4 e6 3. Nf3 Nf6 4. g3 Be7 5. Bg2 O-O 6. Qc2 c5 7. O-O Nbd7 8. b3 cxd4 9. Nxd4 Bc5 10. Nf3 $11 Qe7 11. Bb2 e5 12. cxd5 Nxd5 13. Nbd2 Nb4 14. Qb1 Nc6 15. Ne4 Bb6 16. Nfd2 a6 17. Nc4 Bc7 18. Ba3 Nb4 19. Qe1 a5 20. Nc3 Qg5 21. Bxb4 axb4 22. Nd5 Ba5 23. Nxa5 Rxa5 24. Qxb4 Ra6 25. Ne7+ Kh8 26. Nxc8 Rxc8 27. Qxb7 1-0

[Event "World Junior U20 Girls 2018"]
[Site "Gebze"]
[Date "2018.09.07"]
[Round "3"]
[White "Celik, Eylul"]
[Black "Nass, Sara"]
[Result "1-0"]
[ECO "D02"]
[WhiteElo "2014"]
[BlackElo "1888"]
[Annotator "NA"]
[PlyCount "53"]
[EventDate "2018.09.05"]
[EventType "swiss"]
[EventCountry "TUR"]
[SourceTitle "playchess.com"]
[Source "ChessBase"]
[SourceQuality "1"]
[TimeControl "40/5400+30:1800+30"]

1. d4 d5 2. Bf4 Nf6 3. e3 e6 4. c3 c5 5. Nd2 Nc6 6. Bd3 Bd6 7. Bg3 O-O 8. Ngf3 Re8 9. Ne5 $11 Bxe5 10. dxe5 Nd7 11. Nf3 f6 12. exf6 Nxf6 13. Ne5 Nxe5 14. Bxe5 Rf8 15. Qc2 h6 16. O-O c4 17. Bg6 Qe7 18. Rad1 Bd7 19. e4 Nxe4 20. Bxe4 dxe4 21. Bd6 Qf7 22. Bxf8 Rxf8 23. Qe2 Bc6 24. Qxc4 Qg6 25. Rd6 Rf6 26. Qe2 e3 27. fxe3 1-0

[Event "World Junior U20 Girls 2018"]
[Site "Gebze"]
[Date "2018.09.07"]
[Round "3"]
[White "Kamalidenova, Meruert"]
[Black "Caglar, Sila"]
[Result "1-0"]
[ECO "E61"]
[WhiteElo "2011"]
[BlackElo "2208"]
[Annotator "NA"]
[PlyCount "106"]
[EventDate "2018.09.05"]
[EventType "swiss"]
[EventCountry "TUR"]
[SourceTitle "playchess.com"]
[Source "ChessBase"]
[SourceQuality "1"]
[TimeControl "40/5400+30:1800+30"]

1. d4 Nf6 2. Nf3 g6 3. c4 Bg7 4. Nc3 O-O {[%emt 0:00:00] LiveBook: 11908 Games} 5. Bg5 d6 6. e3 b6 7. Be2 {[%emt 0:02:30] E61: King's Indian: Early deviations for White, including Smyslov System} Bb7 8. Qc2 c5 (8... Nbd7 9. Rd1 c6 10. O-O Re8 11. Nd2 h6 12. Bh4 a6 13. f4 d5 14. e4 dxe4 15. Ndxe4 Nxe4 16. Nxe4 {1-0 (37) Keosidi,K (2404)-Tikhomirov,A (2278) Krasnoyarsk 2015}) 9. d5 Na6 10. O-O Nc7 11. e4 Nd7 $146 ({Predecessor:} 11... e6 12. Nd2 exd5 13. cxd5 Qd7 14. Rad1 b5 {½-½ (32) Bless,A-Scholz,C (2235) Germany 1996}) 12. Rad1 a6 13. a4 Rb8 14. Kh1 Bc8 15. Ne1 f5 16. exf5 Rxf5 17. f4 Nf8 18. Bd3 Rf7 19. f5 gxf5 20. Bxf5 Bxf5 21. Rxf5 Rxf5 22. Qxf5 $11 Ng6 23. Nd3 Qf8 24. Qe4 Qf7 25. Ne2 Rf8 26. Ng3 b5 27. axb5 axb5 28. b3 b4 29. h3 Ne5 30. Nc1 Ne8 31. Nce2 Nf6 32. Bxf6 Qxf6 33. Rf1 Qg5 34. Nf5 Rf7 35. g4 Qd2 36. Nf4 Qc3 37. Qb1 Ng6 38. Nd3 Qd2 39. Rf2 Qc3 40. Kg2 Rf8 41. Nf4 Nxf4+ 42. Rxf4 Ra8 43. Rf2 Qe5 44. Qd3 Ra7 45. Re2 Qc3 46. Qe4 Qe5 47. Qf3 Qf6 48. Qf2 Bf8 49. Qe3 Kh8 50. Rf2 Bg7 51. Ng3 Qe5 52. Qf3 Ra8 53. Nh5 Qg5 1-0

[Event "World Junior U20 Girls 2018"]
[Site "Gebze"]
[Date "2018.09.07"]
[Round "3"]
[White "Hu, Yu A"]
[Black "Kubicka, Anna"]
[Result "1-0"]
[ECO "B07"]
[WhiteElo "2009"]
[BlackElo "2204"]
[Annotator "NA"]
[PlyCount "79"]
[EventDate "2018.09.05"]
[EventType "swiss"]
[EventCountry "TUR"]
[SourceTitle "playchess.com"]
[Source "ChessBase"]
[SourceQuality "1"]
[TimeControl "40/5400+30:1800+30"]

1. e4 d6 2. d4 Nf6 3. Nc3 e5 4. dxe5 dxe5 5. Qxd8+ Kxd8 6. Nf3 Bd6 7. Bc4 Ke7 8. Bg5 $14 c6 9. O-O-O Be6 10. Bxe6 fxe6 11. Rd2 h6 12. Rhd1 Bc7 13. Be3 b6 14. g4 Na6 15. Rg1 g5 16. h4 gxh4 17. Nxh4 Kf7 18. f3 Rad8 19. Rh2 Bd6 20. Rgh1 Bc5 21. Bd2 b5 22. Ng2 Ng8 23. g5 h5 24. Rxh5 Rxh5 25. Rxh5 Kg6 26. Rh1 Nc7 27. f4 exf4 28. Nxf4+ Kg7 29. g6 Nf6 30. e5 Nfe8 31. Rh7+ Kg8 32. Ne4 Bd4 33. Nf6+ Nxf6 34. exf6 Bxf6 35. Rxc7 Rxd2 36. Kxd2 Bg5 37. Ke3 e5 38. Ke4 exf4 39. Rxa7 Bf6 40. c3 1-0